 Dungeon Crawl Stone Soup version bcrawl-1.37.1 (webtiles) character file.

Game seed: 4948413765089880562

530479 Mehrunes the Necromancer (level 16, -1/100 HPs)
             Began as a Skeleton Necromancer on Oct 21, 2022.
             Was the Champion of Ashenzari.
             Slain by a wolf spider (7 damage)
             ... on level 2 of the Spider Nest on Oct 22, 2022.
             The game lasted 01:16:41 (24947 turns).

Mehrunes the Necromancer (Skeleton Necromancer)    Turns: 24947, Time: 01:16:42

Health: -1/100     AC: 30    Str: 17 (18) XL:     16   Next: 24%
Magic:  0/42       EV:  9    Int: 25      God:    Ashenzari [******]
Gold:   2352       SH: 17    Dex: 10 (11) Spells: 24/42 levels left

rFire    . . .     GDR:     37% a - +1 dagger (pain) (curse)
rCold    + . .     SeeInvis +   p - +0 medium shield (curse)
rNeg     + + +     Gourm    .   f - +0 plate armour (curse)
rPois    ∞         Faith    .   P - +0 helmet (curse)
rElec    +         Spirit   +   l - +0 cloak (curse)
rCorr    .         Reflect  +   A - +1 pair of gloves (curse)
MR       ++...     Clarity  +   b - +3 pair of boots of Poor Excuses {+Blink rElec Int+7 Dex+2} (curse)
Stlth    ..........             n - +3 amulet of reflection (curse)
HPRegen  0.26/turn              k - ring of magical power (curse)
MPRegen  0.28/turn              w - ring of wizardry (curse)

@: very slightly contaminated
A: no food or potions, cold resistance 1, deterioration 1, negative energy
resistance 3, powered by death 2, torment resistance, unbreathing, magic shield,
sturdy frame 2, spell healing
a: Curse Item, Scrying, Transfer Knowledge, Renounce Religion, Evoke Blink


You were on level 2 of the Spider Nest.
You worshipped Ashenzari.
Ashenzari was exalted by your worship.
You were not hungry.

You visited 6 branches of the dungeon, and saw 24 of its levels.
You also visited: Ossuary.

You collected 2694 gold pieces.
You spent 342 gold pieces at shops.

Inventory:

Hand Weapons
 a - a cursed +1 dagger of pain (weapon)
 m - a +0 rapier
 z - a +0 broad axe
Armour
 b - the cursed +3 pair of boots of Poor Excuses (worn) {+Blink rElec Int+7 Dex+2}
   (You bought it in a shop in the Orcish Mines)

   It affects your intelligence (+7).
   It affects your dexterity (+2).
   It insulates you from electricity.
   It lets you blink.
   It has a curse placed upon it.
 f - a cursed +0 plate armour (worn)
 l - a cursed +0 cloak (worn)
 o - a scarf of clouds
 p - a cursed +0 medium shield (worn)
 A - a cursed +1 pair of gloves (worn)
 P - a cursed +0 helmet (worn)
Magical Staves
 Q - a cursed staff of fire
Jewellery
 k - a cursed ring of magical power (left hand)
 n - a cursed +3 amulet of reflection (around neck)
 w - a cursed ring of wizardry (right hand)
 y - an uncursed ring of flight
 B - the cursed amulet of Vision {SInv *Curse}
   (You found it in the Ecumenical Temple)

   [amulet of nothing]

   It lets you see invisible.
   It curses itself when equipped.
   It has a curse placed upon it.
 I - an uncursed ring of resist corrosion
 M - an uncursed ring of ice
 W - a +4 ring of evasion
 Y - an uncursed ring of insulation
 Z - a +4 ring of evasion
Wands
 q - a wand of flame (42)
 v - a wand of charming (18)
 x - a wand of polymorph (43)
 K - a wand of iceblast (7)
 L - a wand of acid (3)
 R - a wand of digging (4)
 S - a wand of scattershot (2)
 U - a wand of paralysis (9)
 V - a wand of random effects (27)
Scrolls
 c - 5 scrolls of amnesia
 d - 13 scrolls of remove curse
 g - 2 scrolls of enchant weapon
 h - 5 scrolls of noise
 i - 13 scrolls of identify
 j - 6 scrolls of immolation
 r - 6 scrolls of magic mapping
 t - a scroll of enchant armour {unknown}
 u - 5 scrolls of vulnerability
 D - 4 scrolls of fog
 E - 2 scrolls of fear
Miscellaneous
 s - a phial of floods


   Skills:
 - Level 11.2(16.3) Fighting
 - Level 6.5(11.6) Short Blades
 - Level 14.2(19.0) Armour
 - Level 2.0(5.9) Dodging
 - Level 2.4(6.4) Stealth
 + Level 13.2(17.9) Shields
 - Level 13.8(18.3) Spellcasting
 - Level 18.6(23.0) Necromancy


You had 24 spell levels left.
You knew the following spells:

 Your Spells              Type           Power        Failure   Level  Hunger
a - Necrotize             Necr           ######       0%          1    N/A
b - Vampiric Draining     Necr           #######...   0%          3    N/A
c - Agony                 Necr           #######.     1%          4    N/A
d - Dispel Undead         Necr           #######.     1%          5    N/A
e - Animate Dead          Necr           N/A          1%          4    N/A
f - Apportation           Tloc           ###...       12%         1    N/A

Your spell library contained the following spells:

 Spells                   Type           Power        Failure   Level  Hunger
 Magic Dart               Conj           ###.         12%         1    N/A
 Summon Butterflies       Summ           ###.....     12%         1    N/A
 Searing Ray              Conj           ###.....     19%         2    N/A
 Beckoning                Tloc           ###.......   34%         3    N/A
 Iskenderun's Mystic Bla  Conj           ###.....     34%         3    N/A
 Tukima's Dance           Hex            ###.....     34%         3    N/A
 Fulminant Prism          Conj/Hex       ###.......   73%         4    N/A
 Irradiate                Conj/Tmut      ###.......   96%         5    N/A
 Deflect Missiles         Chrm/Air       ###.......   100%        6    N/A
 Invisibility             Hex            ###.....     100%        6    N/A

Dungeon Overview and Level Annotations

Branches:
Dungeon (12/12)            Temple (1/1) D:6            Lair (6/6) D:8
  Snake (1/3) Lair:3       Spider (3/3) Lair:4        Slime (0/5) Lair:6
    Orc (1/1) D:11            Elf (0/3) Orc          Vaults (0/3) D:12
 Depths (0/5) D:12

Altars:
Ashenzari
Cheibriados
Dithmenos
Gozag
Hepliaklqana
Kikubaaqudgha
Lugonu
Makhleb
Nemelex Xobeh
Okawaru
Qazlal
Ru
Sif Muna
Trog
Uskayaw
Vehumet
Wu Jian
Xom
Yredelemnul
Jiyva

Shops:
D:6 [   D:9 [(?%   D:10 (   Orc [((}[   Snake:1 =

Portals:
Abyss: Orc

Annotations:
D:5 1 runed door
Lair:1 exclusion: oklob plant
Lair:6 2 transporters, MathTutor's ghost, journeyman OpFE
Spider:1 exclusion: orange crystal statue
Spider:3 exclusion: orange crystal statue


Innate Abilities, Weirdness & Mutations

You do not eat or drink.
You are immune to poison.
Your flesh is cold resistant. (rC+)
Your body sometimes deteriorates upon taking damage.
You are immune to negative energy. (rN+++)
You regenerate health from kills.
You are immune to unholy pain and torment.
You can survive without breathing.
When hurt, damage is shared between your health and your magic reserves.
Your movements are less encumbered by armour. (ER -4)
Casting spells heals you.


Message History

Your surroundings suddenly seem different.
You hear an angry hiss.
The wolf spider rages.
Okay, then.
Unknown command.
As you read the scroll of teleportation, it crumbles to dust.
You feel strangely unstable.
You hear an angry hiss.
You block the redback's attack. The redback closely misses you.
You hear an angry hiss.
Your surroundings suddenly seem different.
You hear an angry hiss. x2
Okay, then.
You hear an angry hiss. x2
The wolf spider hits you but does no damage.
The wolf spider bites you but does no damage.
You block the wolf spider's attack. x2
You hear an angry hiss.
The wolf spider hits you!
You die...

###########
##..#......##
###.#....#.s..#
####.#...#...s#.##
#≈≈....#.........#
####≈#.............##
##....@s.......^#.###
#^....##....#######
###...^.#.....##
#...<.##..#...#
###...#.....###
#............#
###...#.#....#
#####..#.#...##
########
###.#.#.....#.[#


You could see a wolf spider (berserk).

Vanquished Creatures
  Arachne (Spider:2)
  A sphinx (Lair:3)
  A fire giant (D:12)
  2 ghost moths (Spider:3)
  3 emperor scorpions
  An entropy weaver (Spider:3)
  4 dire elephants (Lair:6)
  An ettin (D:12)
  The ghost of Nubia the Covert, a journeyman GnEn (Lair:4)
  Urug (Lair:1)
  Fannar (Lair:2)
  7 hydras
  2 anacondas (Lair:6)
  A catoblepas (Lair:2)
  Sonja (Lair:1)
  5 two-headed ogres
  A centaur warrior (D:12)
  A fire crab (Lair:6)
  An unseen horror (D:11)
  A lindwurm (shapeshifter) (D:12)
  11 orc knights
  4 anaconda skeletons (Lair:3)
  3 orb spiders
  3 ugly things
  A necromancer (D:12)
  15 wolf spiders
  An orc sorcerer (Orc)
  2 moths of wrath
  22 elephants
  4 black mambas
  6 cane toads
  A gargoyle (D:9)
  10 komodo dragons
  4 demonic crawlers
  14 jumping spiders
  A freezing wraith (D:11)
  3 trolls
  2 hornets
  A polar bear (Lair:4)
  8 tyrant leeches
  A queen bee (D:9)
  A harpy skeleton (D:12)
  10 blink frogs
  4 slime creatures (D:10)
  4 dream sheep (Lair:6)
  A hippogriff (shapeshifter) (D:12)
  11 hippogriffs
  A meliai zombie (D:10)
  Grum (D:9)
  44 yaks
  11 tarantellas
  A wraith (D:12)
  3 basilisks
  3 fire bats (Lair:3)
  A wyvern (Lair:2)
  6 vampire mosquitoes
  2 hungry ghosts
  2 steam dragons
  29 redbacks
  8 wargs (Orc)
  4 swamp worms
  11 crocodiles
  3 acid dragons
  6 water moccasins
  8 porcupines
  5 ice beasts
  4 sky beasts
  29 orc warriors
  3 ogres
  A necrophage (D:11)
  8 wolves
  Blork the orc (D:6)
  3 elf zombies (Ossuary)
  A kobold brigand (D:9)
  10 bullfrogs
  2 centaurs
  2 scorpions
  A wyvern skeleton (D:9)
  22 killer bees
  8 wights
  A howler monkey (D:7)
  4 electric eels
  8 orc priests
  2 crimson imps
  4 hounds
  2 quasits
  A human zombie (Ossuary)
  5 jellies
  A bullfrog skeleton (D:7)
  5 iguanas
  Ijyb (D:5)
  10 orc wizards
  6 worker ants
  2 mummies (Ossuary)
  A worker ant zombie (D:9)
  A centaur zombie (Ossuary)
  12 adders
  A shadow imp (D:5)
  5 oozes
  6 worms
  2 dart slugs
  2 leopard geckos
  85 orcs
  3 bats
  2 giant cockroaches
  4 goblins
  7 hobgoblins
  16 jackals
  10 kobolds
  2 quokkas
  6 frilled lizards
  A goblin zombie (Ossuary)
  9 hobgoblin zombies (Ossuary)
  A jackal zombie (Ossuary)
  9 kobold zombies (Ossuary)
  10 orc zombies (Ossuary)
  6 rats
  A rat zombie (Ossuary)
  2 plants (Lair:6)
685 creatures vanquished.

Vanquished Creatures (collateral kills)
  A dire elephant (Lair:6)
  A rakshasa (D:10)
  A lindwurm (Lair:6)
  An orc knight (Orc)
  A wolf spider (Spider:2)
  2 orb spiders (Spider:3)
  3 torpor snails (Spider:2)
  A jumping spider (Spider:3)
  3 demonic crawlers (Spider:3)
  A komodo dragon (Lair:1)
  2 blink frogs
  2 tyrant leeches (Spider:2)
  A dream sheep (Lair:6)
  2 hippogriffs (Lair:6)
  8 yaks
  3 tarantellas (Spider:3)
  A wyvern (D:9)
  A basilisk (Lair:4)
  15 redbacks
  A swamp worm (Spider:2)
  A crocodile (Lair:6)
  6 orc warriors (Orc)
  A porcupine (Lair:5)
  3 wolves (Lair:2)
  A bullfrog (Lair:1)
  2 killer bees (D:9)
  An electric eel (Spider:3)
  An orc priest (D:8)
  A howler monkey (D:7)
  A crimson imp (D:12)
  2 jellies
  An orc wizard (D:7)
  A hell rat (Lair:3)
  3 adders
  4 adder skeletons
  2 dart slugs
  A leopard gecko (D:2)
  11 orcs
  A jackal (D:5)
  A frilled lizard (D:2)
  6 fungi
  4 plants
106 creatures vanquished.

Vanquished Creatures (others)
  A centaur warrior (D:11)
  A cyclops (D:12)
  An orc knight (D:11)
  2 orb spiders
  An orc (D:11)
  12 fungi
  3 lurking horrors (Orc)
  14 plants
35 creatures vanquished.

Grand Total: 826 creatures vanquished

Notes
Turn   | Place    | Note
-------+----------+-------------------------------------------
     0 | D:1      | Mehrunes the Skeleton Necromancer began the quest for the
                  | Orb.
     0 | D:1      | Reached XP level 1. HP: 10/10 MP: 4/4
   170 | D:1      | Reached XP level 2. HP: 15/15 MP: 3/6
   172 | D:1      | Reached skill level 5 in Necromancy
  1288 | D:2      | Reached XP level 3. HP: 19/19 MP: 4/7
  1827 | D:2      | Reached skill level 6 in Necromancy
  2023 | D:3      | Reached XP level 4. HP: 24/24 MP: 5/8
  2054 | D:3      | Found a shimmering altar of Xom.
  2714 | D:3      | Learned a level 3 spell: Vampiric Draining
  2719 | D:3      | Learned a level 4 spell: Agony
  2798 | D:3      | Reached skill level 7 in Necromancy
  2798 | D:3      | Reached XP level 5. HP: 28/28 MP: 9/9
  3230 | D:4      | Identified the +2 chain mail of Kapygriyna {Str+4}
  3469 | D:4      | Noticed an ogre
  3474 | D:4      | Killed an ogre
  3475 | D:4      | Reached skill level 8 in Necromancy
  3475 | D:4      | Gained mutation: You regenerate a little health from kills.
                  | [Skeleton growth]
  3475 | D:4      | Reached XP level 6. HP: 32/32 MP: 8/10
  3893 | D:5      | Entered Level 5 of the Dungeon
  3893 | D:5      | Noticed a sky beast
  3897 | D:5      | Killed a sky beast
  4008 | D:5      | Noticed an ice beast
  4027 | D:5      | Killed an ice beast
  4028 | D:5      | Reached skill level 5 in Spellcasting
  4191 | D:5      | Found a runed door.
  4251 | D:5      | Reached XP level 7. HP: 36/36 MP: 16/16
  4398 | D:5      | Noticed Ijyb
  4404 | D:5      | Killed Ijyb
  4459 | D:5      | Found a glowing golden altar of the Shining One.
  4939 | D:6      | Noticed a steam dragon
  5066 | D:6      | Killed a steam dragon
  5198 | D:6      | Found a sparkling altar of Nemelex Xobeh.
  5434 | D:6      | Found a staircase to the Ecumenical Temple.
  5454 | Temple   | Entered the Ecumenical Temple
  5733 | Temple   | Became a worshipper of Ashenzari the Shackled
  5734 | Temple   | Found the cursed amulet of Vision {SInv *Curse}
  5877 | D:6      | Found Dutharej's Armour Boutique.
  5969 | D:6      | Learned a level 5 spell: Dispel Undead
  5973 | D:6      | Reached XP level 8. HP: 41/41 MP: 18/20
  6009 | D:6      | Reached skill level 5 in Armour
  6471 | D:6      | Noticed Blork the orc
  6480 | D:6      | Killed Blork the orc
  6742 | D:7      | Reached * piety under Ashenzari
  6803 | D:7      | Reached skill level 1 in Fighting
  6863 | D:7      | Found a shadowy altar of Dithmenos.
  6901 | D:7      | Found a sand-covered staircase.
  6908 | Ossuary  | Entered an ossuary
  7723 | Ossuary  | Reached XP level 9. HP: 51/51 MP: 9/21
  8131 | D:7      | Reached skill level 9 in Necromancy
  8395 | D:7      | Noticed a two-headed ogre
  8400 | D:7      | Killed a two-headed ogre
  8401 | D:7      | Reached skill level 10 in Necromancy
  8522 | D:7      | Reached skill level 11 in Necromancy
  8721 | D:7      | Learned a level 4 spell: Animate Dead
  8956 | D:8      | Reached ** piety under Ashenzari
  9134 | D:8      | Noticed a troll
  9138 | D:8      | Killed a troll
  9146 | D:8      | Reached skill level 12 in Necromancy
  9297 | D:8      | Gained mutation: Your movements are less encumbered by
                  | armour. (ER -4) [Skeleton growth]
  9297 | D:8      | Reached XP level 10. HP: 56/56 MP: 15/22
  9663 | D:8      | Found a staircase to the Lair.
  9735 | Lair:1   | Entered Level 1 of the Lair of Beasts
  9740 | Lair:1   | Noticed a cane toad
  9744 | Lair:1   | Killed a cane toad
  9789 | Lair:1   | Noticed Sonja
  9793 | Lair:1   | Killed Sonja
  9794 | Lair:1   | Reached skill level 10 in Armour
 10251 | Lair:1   | Reached XP level 11. HP: 60/60 MP: 23/23
 10296 | Lair:1   | Noticed Urug
 10317 | Lair:1   | Killed Urug
 10635 | Lair:1   | Noticed an oklob plant
 10895 | Lair:2   | Noticed Fannar
 10904 | Lair:2   | Killed Fannar
 11019 | Lair:2   | Noticed a five-headed hydra
 11025 | Lair:2   | Killed a five-headed hydra
 11059 | Lair:2   | Reached *** piety under Ashenzari
 11072 | Lair:2   | Noticed a five-headed hydra
 11081 | Lair:2   | Killed a five-headed hydra
 11291 | Lair:2   | Noticed a catoblepas
 11304 | Lair:2   | Killed a catoblepas
 11932 | Lair:3   | Reached skill level 1 in Shields
 11990 | Lair:3   | Reached XP level 12. HP: 50/65 MP: 24/24
 12109 | Lair:3   | Reached **** piety under Ashenzari
 12185 | Lair:3   | Reached skill level 5 in Shields
 12271 | Lair:3   | Found a staircase to the Snake Pit.
 12271 | Lair:3   | Noticed a sphinx
 12278 | Lair:3   | Killed a sphinx
 12291 | Lair:3   | Reached skill level 13 in Necromancy
 12893 | Lair:4   | Found a runed translucent door.
 12906 | Lair:4   | Noticed Nubia's ghost (journeyman GnEn)
 12912 | Lair:4   | Killed Nubia's ghost
 12913 | Lair:4   | Reached skill level 14 in Necromancy
 13215 | Lair:4   | Found a hole to the Spider Nest.
 14135 | Lair:5   | Reached XP level 13. HP: 69/69 MP: 25/25
 14253 | Lair:5   | Reached skill level 10 in Shields
 14274 | Lair:5   | Reached ***** piety under Ashenzari
 14697 | Lair:5   | Reached skill level 10 in Spellcasting
 15122 | Lair:6   | Entered Level 6 of the Lair of Beasts
 15217 | Lair:6   | Reached skill level 5 in Fighting
 15440 | Lair:6   | Found a viscous altar of Jiyva.
 15440 | Lair:6   | Found a staircase to the Slime Pits.
 15440 | Lair:6   | Found a viscous altar of Jiyva.
 15496 | Lair:6   | Found a transporter.
 15498 | Lair:6   | Found a transporter.
 15513 | Lair:6   | Found a bloodstained altar of Trog.
 15513 | Lair:6   | Identified the +10 trident of Courage {protect, rC++}
 15523 | Lair:6   | Noticed MathTutor's ghost (journeyman OpFE)
 16277 | Lair:6   | Reached XP level 14. HP: 64/84 MP: 26/28
 16328 | Lair:6   | Reached skill level 15 in Necromancy
 16350 | Lair:6   | Learned a level 1 spell: Apportation
 17032 | D:9      | Found Duil's Food Shoppe.
 17345 | D:9      | Found Road's Armour Shoppe.
 17357 | D:9      | Bought a +0 pair of boots for 76 gold pieces
 17408 | D:9      | Found Qeifrun's Weapon Boutique.
 17440 | D:9      | Reached skill level 16 in Necromancy
 17675 | D:9      | Found Astraogosm's Magic Scroll Boutique.
 17693 | D:9      | Noticed Grum
 17699 | D:9      | Killed Grum
 18077 | D:10     | Entered Level 10 of the Dungeon
 18111 | D:10     | Found Vixzumy's Weapon Shop.
 18437 | D:10     | Identified the +5 whip "Hiorr" {slash, rPois rN+ Str+2}
 19054 | D:11     | Reached skill level 17 in Necromancy
 19331 | D:11     | Reached ****** piety under Ashenzari
 19339 | D:11     | Found a staircase to the Orcish Mines.
 19774 | D:12     | Entered Level 12 of the Dungeon
 20028 | D:12     | Found a staircase to the Depths.
 20028 | D:12     | Noticed a fire giant
 20036 | D:12     | Killed a fire giant
 20146 | D:12     | Reached skill level 18 in Necromancy
 20311 | D:12     | Identified the +1 robe "Furch" {Dex+4}
 20330 | D:12     | Found a gate to the Vaults.
 20443 | D:12     | Reached XP level 15. HP: 61/88 MP: 20/29
 20538 | D:12     | Found a shattered altar of Ashenzari.
 20877 | Orc      | Entered the Orcish Mines
 20888 | Orc      | Found a corrupted altar of Lugonu.
 21037 | Orc      | Found a staircase to the Elven Halls.
 21243 | Orc      | Found Makuag's Antique Armour Boutique.
 21275 | Orc      | Bought a pair of shimmering boots for 266 gold pieces
 21275 | Orc      | Identified the +3 pair of boots of Poor Excuses {+Blink
                  | rElec Int+7 Dex+2} (You bought it in a shop in the Orcish
                  | Mines)
 21319 | Orc      | Found Osuy's Weapon Emporium.
 21459 | Orc      | Found a roughly hewn altar of Beogh.
 21504 | Orc      | Found Poxaulusa's Gadget Boutique.
 21504 | Orc      | Found Olonaphi's Armour Emporium.
 21662 | Orc      | Found a roughly hewn altar of Beogh.
 21697 | Orc      | Found a one-way gate to the infinite horrors of the Abyss.
 21807 | Orc      | Found Achafufa's Weapon Emporium.
 22203 | Snake:1  | Entered Level 1 of the Snake Pit
 22203 | Snake:1  | Found Sukhasiq's Jewellery Shoppe.
 22203 | Snake:1  | Noticed a nagaraja
 22333 | Spider:1 | Entered Level 1 of the Spider Nest
 23598 | Spider:2 | Noticed Arachne
 23606 | Spider:2 | Killed Arachne
 23607 | Spider:2 | Reached skill level 10 in Fighting
 24246 | Spider:3 | Entered Level 3 of the Spider Nest
 24501 | Spider:3 | Noticed a ghost moth
 24513 | Spider:3 | Gained mutation: You regenerate health from kills.
                  | [Skeleton growth]
 24513 | Spider:3 | Reached XP level 16. HP: 86/100 MP: 0/33
 24934 | Spider:3 | HP: 3/100 [wolf spider (4)]
 24947 | Spider:2 | Slain by a wolf spider

Skill      XL: |  1  2  3  4  5  6  7  8  9 10 11 12 13 14 15 16 |
---------------+-------------------------------------------------+-----
Necromancy     | 5 6 7 8 12 14 18 | 18.6
Spellcasting   | 6 8 10 13 | 13.8
Armour         | 4 7 12 14 | 14.2
Fighting       | 3 8 11 | 11.2
Short Blades   | 6 |  6.5
Shields        | 3 9 10 11 13 | 13.2
Dodging        | |  2.0
Stealth        | |  2.4

Action                   |  1- 3 |  4- 6 |  7- 9 | 10-12 | 13-15 | 16-18 || total
-------------------------+-------+-------+-------+-------+-------+-------++-------
Melee: Dagger            |     8 |    27 |    79 |   222 |  1884 |   133 ||  2353
 Cast: Necrotize         |    87 |    97 |   138 |   216 |   147 |       ||   685
       Agony             |       |     8 |    17 |    31 |    71 |     3 ||   130
       Vampiric Draining |       |     1 |    19 |    33 |    17 |     1 ||    71
       Dispel Undead     |       |       |    56 |    14 |    22 |       ||    92
       Animate Dead      |       |       |       |     5 |    62 |     5 ||    72
Invok: Curse Item        |       |       |     7 |     3 |     1 |     1 ||    12
Evoke: Wand              |       |       |       |       |     5 |       ||     5
  Use: Scroll            |       |       |    11 |     1 |     2 |     9 ||    23
 Stab: Distracted        |       |       |     1 |     2 |     9 |     2 ||    14
Armor: Robe              |    13 |     7 |     5 |       |       |       ||    25
       Steam dragon scal |       |       |   115 |     5 |       |       ||   120
       Plate armour      |       |       |       |   124 |   697 |   119 ||   940
Dodge: Dodged            |    14 |    40 |   157 |    91 |   343 |    61 ||   706
Block: Other             |       |     6 |    33 |    18 |       |       ||    57
       Medium shield     |       |       |       |   121 |  1273 |   139 ||  1533
       Reflection        |       |       |       |       |    27 |       ||    27
